 Dungeon Crawl Stone Soup version 0.29.1-15-g9cfb28693d (webtiles) character file.

Game seed: 6453103716485533852

9324 Heoruswealwe the Eclecticist (level 11, -1/54 HPs)
             Began as a Deep Elf Earth Elementalist on Apr 12, 2023.
             Was an Elder of Sif Muna.
             Slain by a vampire mosquito (10 damage)
             ... on level 8 of the Dungeon.
             The game lasted 01:13:15 (6717 turns).

Heoruswealwe the Eclecticist (DEEE)                 Turns: 6717, Time: 01:13:16

Health: -1/54      AC:  5    Str: 10    XL:     11   Next: 21%
Magic:  26/34      EV: 12    Int: 35    God:    Sif Muna [****..]
Gold:   42         SH:  0    Dex: 15    Spells: 30/44 levels left

rFire   . . .      SeeInvis +   a - staff of earth
rCold   . . .      Faith    .   (no shield)
rNeg    . . .      Spirit   .   c - +1 robe of Dramatic Exits {rPois Str+5 Int+4 Archmagi}
rPois   +          Reflect  .   g - +0 helmet
rElec   .          Harm     .   h - +0 cloak
rCorr   .          Rampage  .   (no gloves)
Will    +....      Archmagi +   (no boots)
Stlth   ++........              i - amulet of regeneration
HPRegen 0.98/turn               k - +6 ring of intelligence
MPRegen 0.24/turn               j - ring of see invisible

@: no status effects
A: no striking features
a: Renounce Religion, Channel Magic, Forget Spell, Divine Exegesis


You were on level 8 of the Dungeon.
You worshipped Sif Muna.
Sif Muna was greatly pleased with you.
You visited 2 branches of the dungeon, and saw 9 of its levels.
You also visited: Bailey.

You collected 367 gold pieces.
You spent 325 gold pieces at shops.

Inventory:

Hand Weapons
 b - a +3 war axe
Armour
 c - the +1 robe of Dramatic Exits (worn) {rPois Str+5 Int+4 Archmagi}
   (You found it on level 5 of the Dungeon)

   Str:       It affects your strength (+5).
   Int:       It affects your intelligence (+4).
   rPois:     It protects you from poison.
   Archmagi:  It increases the power of your magical spells.
 g - a +0 helmet (worn)
 h - a +0 cloak (worn)
 B - the +18 Lear's hauberk
   (You found it on level 7 of the Dungeon)
Magical Staves
 a - a staff of earth (weapon)
Jewellery
 i - an amulet of regeneration (around neck)
 j - a ring of see invisible (right hand)
 k - a +6 ring of intelligence (left hand)
 G - a ring of flight
Wands
 m - a wand of paralysis (9)
 r - a wand of flame (25)
Scrolls
 l - 2 scrolls of fear
 p - a scroll of summoning
 q - a scroll of magic mapping
 u - a scroll of amnesia
 x - 3 scrolls of enchant armour
 A - 2 scrolls of enchant weapon
 C - 3 scrolls of teleportation
Potions
 e - 4 potions of lignification
 f - 2 potions of heal wounds
 n - 4 potions of mutation {unknown}
 o - 5 potions of curing {unknown}
 s - 6 potions of brilliance {unknown}
 t - 5 potions of magic
 v - a potion of berserk rage {unknown}
 w - 2 potions of degeneration {unknown}
 z - a potion of might {unknown}
 D - a potion of cancellation {unknown}
 E - a potion of invisibility {unknown}
 F - 3 potions of attraction {unknown}
 H - 5 potions of haste {unknown}


   Skills:
 - Level 2.4 Dodging
 - Level 2.4 Stealth
 + Level 17.3 Spellcasting
 - Level 1.1 Transmutations
 + Level 14.8 Earth Magic


You had 30 spell levels left.
You knew the following spells:

 Your Spells              Type           Power      Damage    Failure   Level
a - Sandblast             Erth           100%       2d20      0%          1
b - Stone Arrow           Conj/Erth      100%       3d13      1%          3
c - Petrify               Tmut/Erth      100%       N/A       1%          4
d - Leda's Liquefaction   Hex/Erth       55%        N/A       1%          4
z - Passwall              Tmut/Erth      95%        N/A       1%          2

Your spell library contained the following spells:

 Spells                   Type           Power      Damage    Failure   Level
 Magic Dart               Conj           100%       1d8       1%          1
 Necrotise                Necr           100%       1d9       1%          1
 Searing Ray              Conj           90%        2d7       1%          2
 Static Discharge         Conj/Air       45%        3-9/arc   1%          2
 Call Canine Familiar     Summ           45%        N/A       3%          3
 Portal Projectile        Hex/Tloc       90%        N/A       3%          3
 Tukima's Dance           Hex            45%        N/A       3%          3
 Vampiric Draining        Necr           45%        2d9       3%          3
 Fulminant Prism          Conj/Hex       22%        3d13      12%         4
 Passage of Golubria      Tloc           45%        N/A       12%         4
 Yara's Violent Unravell  Hex/Tmut       25%        3d11      26%         5
 Agony                    Necr           45%        N/A       32%         5
 Freezing Cloud           Conj/Ice/Air   22%        6-21      32%         5
 Conjure Ball Lightning   Conj/Air       22%        3x3d6     88%         6


Dungeon Overview and Level Annotations

Branches:
Dungeon (8/15)             Temple (1/1) D:5          Bailey (visited)
   Lair: D:8-11

Altars:
Ashenzari
Cheibriados
Dithmenos
Elyvilon
Gozag
Kikubaaqudgha
Makhleb
Nemelex Xobeh
Qazlal
Ru
Sif Muna
Trog
Uskayaw
Vehumet
Wu Jian
Xom
Yredelemnul
Zin
The Shining One

Shops:
D:7 =


Message History

There is an open door here.
You feel a strong surge of power!
The blast of sand hits the vampire mosquito!!
You destroy the vampire mosquito!
Sif Muna accepts your kill. The vampire mosquito bites you!
The vampire mosquito draws strength from your injuries!
You feel a strong surge of power!
The blast of sand hits the vampire mosquito!
The vampire mosquito is heavily damaged.
The vampire mosquito completely misses you.
The vampire mosquito bites you.
The vampire mosquito draws strength from your injuries!
The vampire mosquito completely misses you.
You are too injured to fight recklessly!
Casting: Sandblast (safe; 0% risk of failure)
Confirm with . or Enter, or press ? or * to list all spells.
Aiming: Sandblast (safe; 0% risk of failure)
Press: ? - help, Shift-Dir - straight line, f/p - vampire mosquito
Aim: a vampire mosquito (heavily damaged, 76% to hit)
You feel a strong surge of power!
The blast of sand hits the vampire mosquito!
The vampire mosquito is almost destroyed.
The vampire mosquito bites you!
* * * LOW HITPOINT WARNING * * *
The vampire mosquito draws strength from your injuries!
The vampire mosquito barely misses you.
Casting: Sandblast (safe; 0% risk of failure)
Confirm with . or Enter, or press ? or * to list all spells.
Aiming: Sandblast (safe; 0% risk of failure)
Press: ? - help, Shift-Dir - straight line, f/p - vampire mosquito
Aim: a vampire mosquito (severely damaged, 76% to hit)
You feel a strong surge of power!
The blast of sand hits the vampire mosquito but does no damage.
The vampire mosquito is severely damaged.
The vampire mosquito bites you!
* * * LOW HITPOINT WARNING * * *
The vampire mosquito draws strength from your injuries!
The vampire mosquito bites you!
You die...

......#####
.......$..#
..........#
..........# ..
......(>..# ...
..........# ....
..........##+##+#...
#######y##........#
#.@y'........#
#...#........#
#######..).....#
#.......))######
#.........#
#.........#
#....<....#
#.........#
###.........#


You could see 2 vampire mosquitoes.

Vanquished Creatures
  A vampire mosquito (D:8)
  A steam dragon (D:7)
  4 ice beasts
  2 orc warriors
  2 sky beasts
  An ogre (D:6)
  A black bear (D:6)
  A centaur (D:6)
  2 bullfrogs (D:7)
  3 necrophages
  3 scorpions
  A water moccasin zombie (D:7)
  6 wights (D:7)
  A howler monkey (D:6)
  4 hounds
  A centaur zombie (D:7)
  5 jellies
  A bullfrog zombie (D:7)
  3 orc priests
  A gnoll bouda (D:7)
  A human zombie (D:7)
  2 iguanas
  5 orc wizards
  A killer bee zombie (D:7)
  A howler monkey zombie (D:7)
  3 mummies (D:7)
  13 gnolls
  4 adders
  2 white imps
  2 ufetubi
  3 worms
  5 dart slugs
  36 orcs
  10 ball pythons
  8 bats
  6 endoplasms
  9 goblins
  5 hobgoblins
  9 kobolds
  3 quokkas
  4 frilled lizards
  6 rats
  30 bushes (D:5)
212 creatures vanquished.

Vanquished Creatures (others)
  3 fungi (D:1)
  15 plants (D:1)
18 creatures vanquished.

Grand Total: 230 creatures vanquished

Notes
Turn   | Place    | Note
-------+----------+-------------------------------------------
     0 | D:1      | Heoruswealwe the Deep Elf Earth Elementalist began the
                  | quest for the Orb.
     0 | D:1      | Reached XP level 1. HP: 10/10 MP: 6/6
   135 | D:1      | Reached XP level 2. HP: 15/15 MP: 2/8
   138 | D:1      | Learned a level 2 spell: Passwall
   220 | D:1      | Found a faded altar of an unknown god.
   254 | D:1      | Prayed at the altar of an unknown god.
   254 | D:1      | Became a worshipper of Sif Muna the Loreminder
   254 | D:1      | Reached * piety under Sif Muna
   672 | D:1      | Reached skill level 4 in Spellcasting
   820 | D:2      | Reached XP level 3. HP: 19/19 MP: 8/10
   824 | D:2      | Learned a level 3 spell: Stone Arrow
   970 | D:2      | Reached ** piety under Sif Muna
  1162 | D:2      | Found a basalt altar of Yredelemnul.
  1335 | D:2      | Identified the amulet "Eteopofa" {Spirit -Tele Int+2 Dex+3
                  | Slay+2}
  1345 | D:2      | Got the Secrets of the Birds
  1681 | D:3      | Reached XP level 4. HP: 24/24 MP: 9/12
  1688 | D:3      | Reached skill level 5 in Spellcasting
  1721 | D:3      | Reached skill level 5 in Earth Magic
  1915 | D:3      | Learned a level 4 spell: Petrify
  1981 | D:3      | Reached XP level 5. HP: 28/28 MP: 12/14
  2628 | D:4      | Reached skill level 6 in Spellcasting
  2661 | D:4      | Reached XP level 6. HP: 32/32 MP: 12/17
  2838 | D:4      | Found a hide-covered altar of Uskayaw.
  2900 | D:4      | Reached *** piety under Sif Muna
  3205 | D:5      | Entered Level 5 of the Dungeon
  3208 | D:5      | Noticed an ice beast
  3215 | D:5      | Killed an ice beast
  3216 | D:5      | Reached skill level 7 in Spellcasting
  3221 | D:5      | Found a shimmering altar of Xom.
  3491 | D:5      | Reached XP level 7. HP: 36/36 MP: 17/20
  3813 | D:5      | Found a staircase to the Ecumenical Temple.
  3894 | D:5      | Identified the +1 robe of Dramatic Exits {rPois Str+5 Int+4
                  | Archmagi}
  3929 | D:5      | Reached skill level 8 in Spellcasting
  5082 | Temple   | Entered the Ecumenical Temple
  5255 | D:6      | Reached skill level 9 in Spellcasting
  5258 | D:6      | Reached XP level 8. HP: 16/41 MP: 17/23
  5379 | D:6      | Found a bloodstained altar of Trog.
  5380 | D:6      | Found a burning altar of Makhleb.
  5380 | D:6      | Found a sparkling altar of Nemelex Xobeh.
  5448 | D:6      | Reached skill level 10 in Spellcasting
  5490 | D:6      | Found a shadowy altar of Dithmenos.
  5519 | D:6      | Learned a level 4 spell: Leda's Liquefaction
  5809 | D:7      | Reached skill level 11 in Spellcasting
  5869 | D:7      | Found a flagged portal.
  5876 | D:7      | Reached **** piety under Sif Muna
  5891 | D:7      | Found the +18 Lear's hauberk
  5909 | D:7      | Reached XP level 9. HP: 20/45 MP: 20/26
  5976 | Bailey   | Entered a bailey
  5988 | Bailey   | Reached skill level 15 in Spellcasting
  5988 | Bailey   | Reached XP level 10. HP: 50/50 MP: 26/31
  5989 | Bailey   | Reached skill level 16 in Spellcasting
  5989 | Bailey   | Reached XP level 11. HP: 54/54 MP: 26/33
  6107 | Bailey   | Reached skill level 17 in Spellcasting
  6352 | D:7      | Found Hiodghowi's Jewellery Shop.
  6360 | D:7      | Bought a ring of flight for 175 gold pieces
  6360 | D:7      | Bought a ring of see invisible for 150 gold pieces
  6532 | D:7      | Found an ancient bone altar of Kikubaaqudgha.
  6717 | D:8      | Slain by a vampire mosquito

Illustrated notes

Levels and vault maps discovered:
D:1:      dpeg_arrival_arbitrary_c, layout_basic,
          shapermc_ecumenical_altar_mp_ritualfount
D:2:      minmay_general_purpose_star, layout_loops_ring, basic_altar,
          hangedman_decor_clover_reticule
D:3:      cheibrodos_helix_gallery, layout_basic, kennysheep_orc_chapel
D:4:      layout_basic, kennysheep_little_box, minmay_pentomino_pile
D:5:      layout_loops_ring, mainiacjoe_overflow_cross_hatched,
          minmay_temple_entry_ruins, chequers_serial_rivers_micro_a
D:6:      layout_rooms, overflow_temple_1_default,
          chequers_temple_overflow_statue_of_worship, st_stairs_2,
          reono_crystal_passage
D:7:      layout_rooms, lemuel_mausoleum_altar_kikubaaqudgha, enter_bailey_3,
          serial_shops, nicolae_shop_trees
D:8:      layout_gridville, nicolae_hepliaklqana_hazy_memory, kennysheep_boxes,
          uniq_pikel
Temple:   nicolae_temple_ecumenical_triangle

Skill      XL: |  1  2  3  4  5  6  7  8  9 10 11 |
---------------+----------------------------------+-----
Spellcasting   | 4 5 6 7 9 11 15 16 17 | 17.3
Earth Magic    | 4 5 6 8 9 13 14 | 14.8
Dodging        | |  2.4
Stealth        | |  2.4
Transmutations | |  1.1

Action                   |  1- 3 |  4- 6 |  7- 9 | 10-12 || total
-------------------------+-------+-------+-------+-------++-------
Melee: Unarmed           |    81 |       |       |       ||    81
       Punch             |     2 |       |    25 |       ||    27
       War axe           |       |       |  1020 |       ||  1020
 Cast: Sandblast         |    59 |    64 |    68 |    90 ||   281
       Passwall          |     2 |     5 |       |     2 ||     9
  Use: Scroll            |     4 |     3 |     3 |     2 ||    12
       Potion            |       |       |     1 |     7 ||     8
Armor: Robe              |     4 |     4 |     4 |     9 ||    21
       Skin              |       |       |       |     6 ||     6
Dodge: Dodged            |     7 |    12 |    21 |    31 ||    71
